A+ - U26
PITTSBURG DIAMONDS @ NAPA SILVERADOS
05/31/2052
 
TOP OF THE 1ST
Sonoma Stompers batting - Pitching for Lancaster JetHawks : RHP Arthur Humphrey
Pitching: RHP Arthur Humphrey
Batting: LHB Sergio Cantu 0-0: Called Strike
0-1: Ball
1-1: Foul Ball, location: 2F
1-2: Fly out, F8 (Line Drive, 8RD, EV 88.8 MPH)
Batting: RHB Giovanni Hernández 0-0: Ball
1-0: Swinging Strike
1-1: Called Strike
1-2: Ball
2-2: Foul Ball, location: 2F
2-2: Foul Ball, location: 2F
2-2: Foul Ball, location: 2F
2-2: Ball
3-2: Foul Ball, location: 2F
3-2: SINGLE (Groundball, 56, EV 95.0 MPH) (infield hit)
Batting: RHB Bobby Dougherty 0-0: Swinging Strike
0-1: Ball
1-1: Ball
2-1: Foul Ball, location: 2F
2-2: Fly out, F7 (Line Drive, 78M, EV 93.8 MPH)
Batting: LHB Jimmy Ziegler 0-0: Foul Ball, location: 2F
0-1: Ball
Giovanni Hernández steals 2nd base
1-1: Ball
2-1: Called Strike
2-2: Foul Ball, location: 2F
2-2: Ball
3-2: Base on Balls
Batting: RHB K.J. Bly 0-0: SINGLE (Line Drive, 4D, EV 108.8 MPH)
Giovanni Hernández to third
Jimmy Ziegler to second
Runner from 3rd tries for Home, SAFE, throw by RF to home
Jimmy Ziegler to third
K.J. Bly to second
Batting: RHB Billy Holden 0-0: Ball
1-0: Foul Ball, location: 2F
1-1: Foul Ball, location: 2F
1-2: Strikes out swinging
Top of the 1st over - 1 run, 2 hits, 0 errors, 2 left on base; Sonoma 1 - Lancaster 0
BOTTOM OF THE 1ST
Lancaster JetHawks batting - Pitching for Sonoma Stompers : LHP Christován Velazquez
Pitching: LHP Christován Velazquez
Batting: RHB Randy Aparicio 0-0: Ball
1-0: Ball
2-0: Called Strike
2-1: Fly out, F8 (Flyball, 8LD, EV 94.4 MPH)
Batting: RHB George Ornelas 0-0: Ball
1-0: Called Strike
1-1: Ball
2-1: Foul Ball, location: 2F
2-2: Strikes out swinging
Batting: RHB Julian Hyman 0-0: Ball
1-0: Called Strike
1-1: Ball
2-1: Ball
3-1: Called Strike
3-2: Foul Ball, location: 2F
3-2: SINGLE (Groundball, 4M, EV 90.6 MPH) (infield hit)
Batting: RHB Bryce Packwood 0-0: Ball
1-0: Ball
2-0: Called Strike
2-1: Ground out 5-3 (Groundball, 56S, EV 81.2 MPH)
Bottom of the 1st over - 0 runs, 1 hit, 0 errors, 1 left on base; Sonoma 1 - Lancaster 0
TOP OF THE 2ND
Sonoma Stompers batting - Pitching for Lancaster JetHawks : RHP Arthur Humphrey
Batting: SHB Neil DiDonato 0-0: Ball
1-0: Ball
2-0: Called Strike
2-1: Called Strike
2-2: Strikes out swinging
Batting: RHB Moisés Zamora 0-0: Ball
1-0: SINGLE (Line Drive, 8RS, EV 103.1 MPH)
Batting: RHB Matt Craig 0-0: Ball
1-0: Ball
2-0: Called Strike
2-1: Foul Ball, location: 2F
2-2: Ball
3-2: Foul Ball, location: 2F
3-2: Fielders Choice at 2nd, 6-4 (Groundball, 6M, EV 108.8 MPH)
Batting: LHB Sergio Cantu 0-0: Ball
1-0: Ball
2-0: Called Strike
2-1: Foul Ball, location: 2F
2-2: Ground out U3 (Groundball, 34S, EV 91.2 MPH)
Top of the 2nd over - 0 runs, 1 hit, 0 errors, 1 left on base; Sonoma 1 - Lancaster 0
BOTTOM OF THE 2ND
Lancaster JetHawks batting - Pitching for Sonoma Stompers : LHP Christován Velazquez
Batting: RHB Pedro Polanco 0-0: Swinging Strike
0-1: Called Strike
0-2: Ball
1-2: Strikes out looking
Batting: RHB Max Fuchs 0-0: Ball
1-0: Ball
2-0: Ball
3-0: Called Strike
3-1: Called Strike
3-2: Base on Balls
Batting: RHB José Castano 0-0: Ball
1-0: Foul Ball, location: 2F
1-1: Swinging Strike
1-2: Ball
2-2: Ball
3-2: Foul Ball, location: 2F
3-2: Strikes out swinging
Batting: SHB Elias Dusenbery 0-0: Ball
1-0: Called Strike
1-1: Ball
2-1: Ball
3-1: Called Strike
3-2: Base on Balls
Max Fuchs to second
Batting: RHB Prince Poulin 0-0: Ball
1-0: Swinging Strike
1-1: Foul Ball, location: 2F
1-2: Ball
2-2: Strikes out looking
Bottom of the 2nd over - 0 runs, 0 hits, 0 errors, 2 left on base; Sonoma 1 - Lancaster 0
TOP OF THE 3RD
Sonoma Stompers batting - Pitching for Lancaster JetHawks : RHP Arthur Humphrey
Batting: RHB Giovanni Hernández 0-0: Called Strike
0-1: Ball
1-1: Swinging Strike
1-2: Strikes out swinging
Batting: RHB Bobby Dougherty 0-0: Ball
1-0: Swinging Strike
1-1: Ball
2-1: Called Strike
2-2: Fly out, F7 (Line Drive, 7S, EV 86.9 MPH)
Batting: LHB Jimmy Ziegler 0-0: Ball
1-0: Ground out 4-3 (Groundball, 4, EV 86.9 MPH)
Top of the 3rd over - 0 runs, 0 hits, 0 errors, 0 left on base; Sonoma 1 - Lancaster 0
BOTTOM OF THE 3RD
Lancaster JetHawks batting - Pitching for Sonoma Stompers : LHP Christován Velazquez
Batting: RHB Randy Aparicio 0-0: Ball
1-0: Fly out, F9 (Line Drive, 9, EV 92.5 MPH)
Batting: RHB George Ornelas 0-0: Ball
1-0: Fly out, F3 (Popup, 34, EV 60.6 MPH)
Batting: RHB Julian Hyman 0-0: Foul Ball, location: 2F
0-1: Foul Ball, location: 2F
0-2: Strikes out swinging
Bottom of the 3rd over - 0 runs, 0 hits, 0 errors, 0 left on base; Sonoma 1 - Lancaster 0
TOP OF THE 4TH
Sonoma Stompers batting - Pitching for Lancaster JetHawks : RHP Arthur Humphrey
Batting: RHB K.J. Bly 0-0: Ball
1-0: Called Strike
1-1: SINGLE (Line Drive, 6M, EV 98.8 MPH)
Batting: RHB Billy Holden 0-0: Foul Ball, location: 2F
0-1: Swinging Strike
0-2: Foul Ball, location: 2F
0-2: Ball
1-2: Ball
2-2: Strikes out swinging
Batting: SHB Neil DiDonato 0-0: Ball
1-0: SINGLE (Groundball, 4MD, EV 103.8 MPH)
K.J. Bly to second
Runner from 2nd tries for 3rd, SAFE, throw by CF made to third
Batting: RHB Moisés Zamora 0-0: Called Strike
0-1: Swinging Strike
0-2: Ball
1-2: Ball
2-2: Foul Ball, location: 2F
2-2: Ball
3-2: Fly out, F7 (Flyball, 7, EV 93.1 MPH)
Runner from 3rd tags up, SCORES, throw by LF
Batting: RHB Matt Craig 0-0: Ball
1-0: Called Strike
1-1: Ball
Neil DiDonato steals 2nd base
2-1: Fly out, F7 (Flyball, 78S, EV 76.9 MPH)
Top of the 4th over - 1 run, 2 hits, 0 errors, 1 left on base; Sonoma 2 - Lancaster 0
BOTTOM OF THE 4TH
Lancaster JetHawks batting - Pitching for Sonoma Stompers : LHP Christován Velazquez
Batting: RHB Bryce Packwood 0-0: Reached on error, E5 (Groundball, 56D, EV 87.5 MPH)
Batting: RHB Pedro Polanco 0-0: Ball
1-0: Ball
2-0: Ball
3-0: Base on Balls
Batting: RHB Max Fuchs 0-0: Ball
1-0: Ball
2-0: Ball
3-0: Called Strike
3-1: Base on Balls
Bryce Packwood to third
Pedro Polanco to second
Batting: RHB José Castano 0-0: Ball
1-0: Ball
2-0: Called Strike
2-1: Ball
3-1: Base on Balls
Bryce Packwood scores
Pedro Polanco to third
Max Fuchs to second
Batting: SHB Elias Dusenbery 0-0: Ball
1-0: Swinging Strike
1-1: Ball
2-1: Ball
3-1: Base on Balls
Pedro Polanco scores
Max Fuchs to third
José Castano to second
Batting: RHB Prince Poulin 0-0: Called Strike
0-1: Fly out, F8 (Flyball, 8LM, EV 90.0 MPH)
Batting: RHB Randy Aparicio 0-0: Ball
1-0: Foul Ball, location: 2F
1-1: Swinging Strike
1-2: Strikes out looking
Batting: RHB George Ornelas 0-0: Ball
1-0: Foul Ball, location: 2F
1-1: Ball
2-1: SINGLE (Groundball, 56D, EV 105.0 MPH)
Max Fuchs scores
José Castano to third
Elias Dusenbery to second
Runner from 3rd tries for Home, SAFE, throw by LF to home
Batting: RHB Julian Hyman 0-0: Swinging Strike
0-1: Ball
1-1: Foul Ball, location: 2F
1-2: Foul Ball, location: 2F
1-2: Ball
2-2: Ball
3-2: Ground out 6-3 (Groundball, 6, EV 86.2 MPH)
Bottom of the 4th over - 4 runs, 1 hit, 1 error, 2 left on base; Sonoma 2 - Lancaster 4
TOP OF THE 5TH
Sonoma Stompers batting - Pitching for Lancaster JetHawks : RHP Arthur Humphrey
Batting: LHB Sergio Cantu 0-0: Ball
1-0: Called Strike
1-1: Foul Ball, location: 2F
1-2: Foul Ball, location: 2F
1-2: Fly out, F8 (Flyball, 8LD, EV 78.1 MPH)
Batting: RHB Giovanni Hernández 0-0: Called Strike
0-1: Ball
1-1: Ball
2-1: Ball
3-1: Called Strike
3-2: Foul Ball, location: 2F
3-2: Strikes out looking
Batting: RHB Bobby Dougherty 0-0: Ball
1-0: SINGLE (Line Drive, 78S, EV 97.5 MPH)
Batting: LHB Jimmy Ziegler 0-0: Called Strike
Bobby Dougherty is caught stealing 2nd base 2-6
Top of the 5th over - 0 runs, 1 hit, 0 errors, 0 left on base; Sonoma 2 - Lancaster 4
BOTTOM OF THE 5TH
Lancaster JetHawks batting - Pitching for Sonoma Stompers : LHP Christován Velazquez
Batting: RHB Bryce Packwood 0-0: Swinging Strike
0-1: Called Strike
0-2: DOUBLE (Line Drive, 5D, EV 95.6 MPH)
Batting: RHB Pedro Polanco 0-0: Foul Ball, location: 2F
0-1: Ball
1-1: Foul Ball, location: 2F
1-2: SINGLE (Groundball, 34D, EV 102.5 MPH)
Bryce Packwood to third
Runner from 3rd tries for Home, SAFE, throw by RF to home
Batting: RHB Max Fuchs 0-0: Swinging Strike
0-1: Foul Ball, location: 2F
0-2: Ball
1-2: Strikes out swinging
Pitching: LHP Yeremias Ubeda
Batting: RHB José Castano 0-0: Grounds into double play, 5-4-3 (Groundball, 56, EV 81.2 MPH)
Bottom of the 5th over - 1 run, 2 hits, 0 errors, 0 left on base; Sonoma 2 - Lancaster 5
TOP OF THE 6TH
Sonoma Stompers batting - Pitching for Lancaster JetHawks : RHP Arthur Humphrey
Batting: LHB Jimmy Ziegler 0-0: Foul Ball, location: 2F
0-1: Swinging Strike
0-2: Fly out, F7 (Flyball, 7, EV 92.5 MPH)
Batting: RHB K.J. Bly 0-0: Foul Ball, location: 2F
0-1: Ball
1-1: DOUBLE (Line Drive, 89XD, EV 110.0 MPH)
Batting: RHB Billy Holden 0-0: Foul Ball, location: 2F
0-1: Swinging Strike
0-2: Foul Ball, location: 2F
0-2: Strikes out swinging
Batting: SHB Neil DiDonato 0-0: Swinging Strike
0-1: Ball
1-1: Foul Ball, location: 2F
1-2: Foul Ball, location: 2F
1-2: Foul Ball, location: 2F
1-2: Ball
2-2: Fly out, F4 (Flyball, 34D, EV 86.9 MPH)
Top of the 6th over - 0 runs, 1 hit, 0 errors, 1 left on base; Sonoma 2 - Lancaster 5
BOTTOM OF THE 6TH
Lancaster JetHawks batting - Pitching for Sonoma Stompers : LHP Yeremias Ubeda
Batting: SHB Elias Dusenbery 0-0: Ground out U3 (Groundball, 34, EV 106.2 MPH)
Batting: RHB Prince Poulin 0-0: Ball
1-0: Ball
2-0: Foul Ball, location: 2F
2-1: Ball
3-1: Called Strike
3-2: SINGLE (Line Drive, 8RS, EV 113.1 MPH)
Batting: RHB Randy Aparicio 0-0: Ball
1-0: Called Strike
1-1: Swinging Strike
1-2: Strikes out swinging
Batting: RHB George Ornelas 0-0: Ground out 4-3 (Groundball, 4, EV 83.1 MPH)
Bottom of the 6th over - 0 runs, 1 hit, 0 errors, 1 left on base; Sonoma 2 - Lancaster 5
TOP OF THE 7TH
Sonoma Stompers batting - Pitching for Lancaster JetHawks : RHP Arthur Humphrey
Pitching: RHP Bruno Gutiérrez
Batting: RHB Moisés Zamora 0-0: Swinging Strike
0-1: Ball
1-1: Fly out, F7 (Flyball, 78M, EV 88.1 MPH)
Batting: RHB Matt Craig 0-0: Foul Ball, location: 2F
0-1: Ground out 6-3 (Groundball, 6, EV 86.2 MPH)
Batting: LHB Sergio Cantu 0-0: Foul Ball, location: 2F
0-1: Called Strike
0-2: Ball
1-2: Strikes out looking
Top of the 7th over - 0 runs, 0 hits, 0 errors, 0 left on base; Sonoma 2 - Lancaster 5
BOTTOM OF THE 7TH
Lancaster JetHawks batting - Pitching for Sonoma Stompers : LHP Yeremias Ubeda
Batting: RHB Julian Hyman 0-0: Foul Ball, location: 2F
0-1: Called Strike
0-2: Ball
1-2: Foul Ball, location: 2F
1-2: Ball
2-2: Fly out, F7 (Flyball, 7LM, EV 105.6 MPH)
Batting: RHB Bryce Packwood 0-0: Called Strike
0-1: Ball
1-1: Foul Ball, location: 2F
1-2: Ball
2-2: DOUBLE (Flyball, 8RXD, EV 105.0 MPH)
Batting: RHB Pedro Polanco 0-0: Ball
1-0: Called Strike
1-1: Called Strike
1-2: Fly out, F8 (Flyball, 78S, EV 79.4 MPH)
Batting: RHB Max Fuchs 0-0: Ball
1-0: Called Strike
1-1: Called Strike
1-2: Strikes out swinging
Bottom of the 7th over - 0 runs, 1 hit, 0 errors, 1 left on base; Sonoma 2 - Lancaster 5
TOP OF THE 8TH
Sonoma Stompers batting - Pitching for Lancaster JetHawks : RHP Bruno Gutiérrez
Now at 2B: Thomas Brown
Now at 3B: Prince Poulin
Now in LF: Santiago Almeraz
Batting: RHB Giovanni Hernández 0-0: Ball
1-0: Ball
2-0: Ball
3-0: Called Strike
3-1: Foul Ball, location: 2F
3-2: Foul Ball, location: 2F
3-2: Ground out 5-3 (Groundball, 56, EV 91.2 MPH)
Batting: RHB Bobby Dougherty 0-0: Ball
1-0: Foul Ball, location: 2F
1-1: Called Strike
1-2: Foul Ball, location: 2F
1-2: Fly out, F4 (Popup, 34S, EV 66.9 MPH)
Batting: LHB Jimmy Ziegler 0-0: Ball
1-0: Fly out, F8 (Line Drive, 8RD, EV 93.1 MPH)
Top of the 8th over - 0 runs, 0 hits, 0 errors, 0 left on base; Sonoma 2 - Lancaster 5
BOTTOM OF THE 8TH
Lancaster JetHawks batting - Pitching for Sonoma Stompers : LHP Yeremias Ubeda
Batting: RHB José Castano 0-0: Ground out 5-3 (Groundball, 56, EV 88.1 MPH)
Batting: SHB Elias Dusenbery 0-0: Ball
1-0: Foul Ball, location: 2F
1-1: Ball
2-1: Fly out, F7 (Line Drive, 78M, EV 98.1 MPH)
Batting: RHB Prince Poulin 0-0: Called Strike
0-1: Foul Ball, location: 2F
0-2: Strikes out swinging
Bottom of the 8th over - 0 runs, 0 hits, 0 errors, 0 left on base; Sonoma 2 - Lancaster 5
TOP OF THE 9TH
Sonoma Stompers batting - Pitching for Lancaster JetHawks : RHP Bruno Gutiérrez
Pitching: RHP Zach Strain
Batting: RHB K.J. Bly 0-0: Fly out, F7 (Flyball, 78M, EV 89.4 MPH)
Batting: RHB Billy Holden 0-0: Ball
1-0: Called Strike
1-1: Ball
2-1: DOUBLE (Line Drive, 7LS, EV 107.5 MPH)
Batting: SHB Neil DiDonato 0-0: Called Strike
0-1: Ball
1-1: Ball
2-1: Called Strike
2-2: Ball
3-2: Strikes out looking
Batting: RHB Moisés Zamora 0-0: Foul Ball, location: 2F
0-1: Swinging Strike
0-2: Foul Ball, location: 2F
0-2: Strikes out swinging
Top of the 9th over - 0 runs, 1 hit, 0 errors, 1 left on base; Sonoma 2 - Lancaster 5
Tuesday, April 23rd , 2024 - OOTP Baseball 24.11 Build 85